[ AOE2 MATCH · #507526203 ]
UnrankedMongols vs Persians
[ REPLAY ANALYSIS · EXTRACTED FROM THE RECORDED GAME ]
Feudal
8:52
Castle
20:53
Imperial
—
| APM avg | 65.2 |
| APM peak | 155 |
| eAPM avg | 21.1 |
| Villagers / military | 84 / 34 |
Focus
⚔️ 30.6% · 🌾 69.4%
Knight ×27 · Scout Cavalry ×7
Feudal
10:26
Castle
21:22
Imperial
—
| APM avg | 35.0 |
| APM peak | 87 |
| eAPM avg | 21.7 |
| Villagers / military | 150 / 90 |
Focus
⚔️ 28.7% · 🌾 71.3%
Knight ×84 · Scout Cavalry ×6
Feudal
9:52
Castle
23:04
Imperial
—
| APM avg | 55.6 |
| APM peak | 111 |
| eAPM avg | 24.8 |
| Villagers / military | 108 / 79 |
Focus
⚔️ 51.1% · 🌾 48.9%
Archer ×75 · Battering Ram ×3 · Monk ×1
Feudal
10:40
Castle
24:50
Imperial
—
| APM avg | 50.2 |
| APM peak | 82 |
| eAPM avg | 23.0 |
| Villagers / military | 103 / 100 |
Focus
⚔️ 44.0% · 🌾 56.0%
Archer ×95 · Flemish Militia ×4 · Skirmisher ×1
Feudal
10:11
Castle
22:20
Imperial
33:44
| APM avg | 40.9 |
| APM peak | 80 |
| eAPM avg | 17.9 |
| Villagers / military | 70 / 79 |
Focus
⚔️ 32.5% · 🌾 67.5%
Archer ×78 · Spearman ×1
Feudal
9:11
Castle
22:23
Imperial
—
| APM avg | 50.2 |
| APM peak | 87 |
| eAPM avg | 25.6 |
| Villagers / military | 98 / 160 |
Focus
⚔️ 45.1% · 🌾 54.9%
Archer ×158 · Skirmisher ×1 · Eagle Scout ×1
Feudal
10:06
Castle
22:55
Imperial
—
| APM avg | 40.8 |
| APM peak | 79 |
| eAPM avg | 16.5 |
| Villagers / military | 95 / 74 |
Focus
⚔️ 23.5% · 🌾 76.5%
Knight ×61 · Scout Cavalry ×10 · Monk ×3
Feudal
11:39
Castle
19:39
Imperial
—
| APM avg | 21.9 |
| APM peak | 79 |
| eAPM avg | 11.8 |
| Villagers / military | 73 / 23 |
Focus
⚔️ 19.6% · 🌾 80.4%
Knight ×23
Match map
Initial resources + every placement click. Lines = walls · curves = elevation contours. ◆ gold · ⬟ stone · ● berries · ✦ relic · ◌ wall gap
Your base· Open — unwalled flank
啥牌子的's base· ✓ Closed at 21:22 · 29t walls · 1 gate(s)
HR Benjamin Eufracio's base· ✓ Closed at 23:04 · 35t walls · 1 gate(s)
k0nK1_TG's base· ✓ Closed at 24:50 · 33t walls · 3 gate(s)
kerwin's base· ✓ Closed at 22:20 · 21t walls · 1 gate(s)
pau795's base· Open — unwalled flank
TmZ_Mosquito Sedutor's base· Open — unwalled flank
Dyn_Fran_aoe's base· ✓ Closed at 19:39 · 63t walls · 1 gate(s)
Smoothed initial terrain · ◌ = detected wall gap · hover for details
Inputs per minute
— AoE2 ANGEL - - 啥牌子的
Build order — AoE2 ANGEL
First 150 of 210 actions detected
| 0:01 | Create | Villager (Male) |
| 0:02 | Build | House |
| 0:03 | Build | House |
| 0:10 | Create | Villager (Male) |
| 0:10 | Create | Villager (Male) |
| 0:10 | Create | Villager (Male) |
| 0:11 | Create | Villager (Male) |
| 1:25 | Create | Villager (Male) |
| 2:05 | Create | Villager (Male) |
| 2:05 | Create | Villager (Male) |
| 2:28 | Create | Villager (Male) |
| 2:56 | Create | Villager (Male) |
| 2:56 | Create | Villager (Male) |
| 2:56 | Create | Villager (Male) |
| 3:01 | Build | Lumber Camp |
| 3:40 | Create | Villager (Male) |
| 3:41 | Create | Villager (Male) |
| 3:41 | Create | Villager (Male) |
| 3:51 | Build | House |
| 5:00 | Create | Villager (Male) |
| 5:18 | Build | Mill |
| 5:46 | Create | Villager (Male) |
| 6:15 | Research | Loom |
| 6:16 | Create | Villager (Male) |
| 6:42 | Research | Feudal Age |
| 7:24 | Create | Villager (Male) |
| 7:55 | Build | House |
| 8:20 | Build | Barracks |
| 8:52 | Age | Feudal Age |
| 9:09 | Build | Stable |
| 9:12 | Research | Double-Bit Axe |
| 9:16 | Create | Villager (Male) |
| 9:38 | Create | Villager (Male) |
| 9:48 | Build | House |
| 9:51 | Build | House |
| 9:53 | Create | Scout Cavalry |
| 9:53 | Create | Scout Cavalry |
| 9:59 | Create | Villager (Male) |
| 10:05 | Build | Mill |
| 10:20 | Build | House |
| 10:25 | Build | House |
| 10:35 | Create | Villager (Male) |
| 10:36 | Create | Villager (Male) |
| 10:44 | Create | Villager (Male) |
| 11:03 | Build | Farm |
| 11:10 | Create | Scout Cavalry |
| 11:15 | Build | Farm |
| 11:25 | Build | Palisade Wall |
| 11:31 | Build | Farm |
| 11:33 | Create | Villager (Male) |
| 11:35 | Build | Farm |
| 11:55 | Build | Farm |
| 11:57 | Research | Horse Collar |
| 11:57 | Research | Horse Collar |
| 12:07 | Create | Villager (Male) |
| 12:13 | Build | Farm |
| 12:17 | Create | Villager (Male) |
| 12:26 | Build | Farm |
| 12:48 | Create | Villager (Male) |
| 12:51 | Build | Palisade Wall |
| 12:53 | Create | Scout Cavalry |
| 12:53 | Create | Villager (Male) |
| 12:57 | Build | Farm |
| 13:00 | Build | Farm |
| 13:09 | Create | Villager (Male) |
| 13:09 | Create | Villager (Male) |
| 13:35 | Create | Scout Cavalry |
| 13:41 | Create | Villager (Male) |
| 13:50 | Build | House |
| 14:11 | Create | Scout Cavalry |
| 14:16 | Create | Villager (Male) |
| 14:37 | Create | Villager (Male) |
| 14:42 | Build | Farm |
| 14:44 | Build | Farm |
| 14:54 | Build | Farm |
| 14:55 | Build | Farm |
| 15:14 | Build | Farm |
| 15:14 | Build | Farm |
| 15:14 | Build | Farm |
| 15:30 | Create | Villager (Male) |
| 15:31 | Create | Scout Cavalry |
| 15:43 | Build | Mining Camp |
| 16:01 | Create | Villager (Male) |
| 16:12 | Build | House |
| 16:28 | Build | Blacksmith |
| 17:22 | Create | Villager (Male) |
| 17:27 | Create | Villager (Male) |
| 17:34 | Build | House |
| 17:50 | Create | Villager (Male) |
| 18:07 | Build | House |
| 18:13 | Research | Castle Age |
| 18:28 | Research | Gold Mining |
| 18:39 | Build | House |
| 18:57 | Build | House |
| 19:08 | Build | Palisade Wall |
| 19:15 | Create | Villager (Male) |
| 19:35 | Build | House |
| 19:38 | Create | Villager (Male) |
| 19:40 | Build | House |
| 19:46 | Build | House |
| 19:51 | Build | House |
| 19:53 | Create | Villager (Male) |
| 20:03 | Build | Farm |
| 20:09 | Build | Stable |
| 20:13 | Build | Farm |
| 20:16 | Build | Farm |
| 20:24 | Research | Bloodlines |
| 20:27 | Research | Scale Barding Armor |
| 20:31 | Build | House |
| 20:42 | Build | Farm |
| 20:43 | Build | Farm |
| 20:53 | Age | Castle Age |
| 20:55 | Build | Farm |
| 21:03 | Research | Husbandry |
| 21:06 | Create | Knight |
| 21:09 | Build | Farm |
| 21:13 | Create | Knight |
| 21:30 | Build | Palisade Gate |
| 21:32 | Create | Knight |
| 21:32 | Create | Knight |
| 21:37 | Create | Villager (Male) |
| 21:38 | Create | Villager (Male) |
| 21:56 | Research | Bow Saw |
| 22:17 | Create | Knight |
| 22:18 | Create | Knight |
| 22:18 | Create | Villager (Male) |
| 22:21 | Build | Farm |
| 22:34 | Create | Knight |
| 22:34 | Create | Knight |
| 22:35 | Create | Knight |
| 23:03 | Build | Farm |
| 23:18 | Create | Knight |
| 23:18 | Create | Knight |
| 23:36 | Create | Knight |
| 23:36 | Create | Knight |
| 23:40 | Create | Villager (Male) |
| 23:41 | Create | Villager (Male) |
| 24:02 | Build | Town Center |
| 24:18 | Create | Villager (Male) |
| 25:01 | Create | Villager (Male) |
| 25:01 | Create | Villager (Male) |
| 25:17 | Create | Villager (Male) |
| 25:27 | Research | Chain Barding Armor |
| 25:28 | Research | Chain Barding Armor |
| 25:46 | Create | Villager (Male) |
| 25:46 | Create | Villager (Male) |
| 25:47 | Create | Villager (Male) |
| 25:51 | Create | Knight |
| 25:51 | Create | Knight |
| 25:52 | Create | Villager (Male) |
Build order — 啥牌子的
First 150 of 393 actions detected
| 0:02 | Create | Villager (Male) |
| 0:03 | Create | Villager (Male) |
| 0:03 | Create | Villager (Male) |
| 0:04 | Build | House |
| 0:06 | Build | House |
| 0:09 | Create | Villager (Male) |
| 0:10 | Create | Villager (Male) |
| 1:07 | Build | House |
| 1:38 | Create | Villager (Male) |
| 1:44 | Research | Loom |
| 1:49 | Build | Lumber Camp |
| 2:33 | Create | Villager (Male) |
| 2:37 | Build | House |
| 3:10 | Create | Villager (Male) |
| 3:11 | Create | Villager (Male) |
| 3:30 | Create | Villager (Male) |
| 3:30 | Create | Villager (Male) |
| 3:31 | Create | Villager (Male) |
| 3:32 | Build | House |
| 4:10 | Create | Villager (Male) |
| 4:10 | Create | Villager (Male) |
| 4:23 | Create | Villager (Male) |
| 4:23 | Create | Villager (Male) |
| 4:48 | Build | Mill |
| 5:22 | Create | Villager (Male) |
| 5:22 | Create | Villager (Male) |
| 5:56 | Create | Villager (Male) |
| 5:56 | Create | Villager (Male) |
| 5:57 | Create | Villager (Male) |
| 5:57 | Create | Villager (Male) |
| 5:57 | Create | Villager (Male) |
| 6:05 | Build | Mill |
| 6:27 | Create | Villager (Male) |
| 6:27 | Create | Villager (Male) |
| 6:27 | Create | Villager (Male) |
| 6:34 | Create | Villager (Male) |
| 6:34 | Create | Villager (Male) |
| 6:40 | Create | Villager (Male) |
| 6:40 | Create | Villager (Male) |
| 6:41 | Create | Villager (Male) |
| 6:58 | Build | Palisade Wall |
| 7:06 | Build | Palisade Wall |
| 7:07 | Create | Villager (Male) |
| 7:07 | Create | Villager (Male) |
| 7:07 | Create | Villager (Male) |
| 7:09 | Create | Villager (Male) |
| 7:09 | Create | Villager (Male) |
| 7:21 | Create | Villager (Male) |
| 7:21 | Create | Villager (Male) |
| 7:48 | Create | Villager (Male) |
| 7:56 | Create | Villager (Male) |
| 8:05 | Create | Villager (Male) |
| 8:18 | Research | Feudal Age |
| 8:23 | Build | House |
| 9:53 | Build | Barracks |
| 9:56 | Create | Villager (Male) |
| 9:56 | Create | Villager (Male) |
| 10:26 | Age | Feudal Age |
| 10:32 | Research | Double-Bit Axe |
| 10:35 | Build | Stable |
| 10:42 | Research | Horse Collar |
| 11:04 | Create | Villager (Male) |
| 11:15 | Create | Scout Cavalry |
| 11:15 | Create | Scout Cavalry |
| 11:15 | Create | Scout Cavalry |
| 11:16 | Create | Scout Cavalry |
| 11:16 | Create | Scout Cavalry |
| 11:16 | Create | Scout Cavalry |
| 11:24 | Build | Lumber Camp |
| 11:32 | Create | Villager (Male) |
| 11:40 | Build | Farm |
| 12:03 | Create | Villager (Male) |
| 12:04 | Create | Villager (Male) |
| 12:22 | Create | Villager (Male) |
| 12:32 | Build | Palisade Gate |
| 12:34 | Build | Palisade Wall |
| 12:48 | Build | Farm |
| 12:49 | Build | Farm |
| 12:50 | Build | Farm |
| 12:51 | Build | Farm |
| 12:52 | Build | Farm |
| 13:06 | Build | Mining Camp |
| 13:07 | Create | Villager (Male) |
| 13:17 | Build | House |
| 13:31 | Create | Villager (Male) |
| 13:43 | Create | Villager (Male) |
| 13:50 | Build | House |
| 13:51 | Build | House |
| 13:59 | Build | Blacksmith |
| 14:07 | Create | Villager (Male) |
| 14:20 | Create | Villager (Male) |
| 14:22 | Build | Farm |
| 14:23 | Build | Farm |
| 14:23 | Build | Farm |
| 14:25 | Build | Farm |
| 14:27 | Build | Farm |
| 15:00 | Build | Farm |
| 15:01 | Build | Farm |
| 15:02 | Build | Farm |
| 15:06 | Create | Villager (Male) |
| 15:13 | Research | Bloodlines |
| 15:14 | Research | Bloodlines |
| 15:14 | Research | Bloodlines |
| 15:20 | Build | Farm |
| 15:23 | Build | Farm |
| 15:23 | Build | Farm |
| 15:48 | Research | Scale Barding Armor |
| 15:48 | Research | Scale Barding Armor |
| 15:59 | Build | Farm |
| 16:02 | Create | Villager (Male) |
| 16:05 | Build | Farm |
| 16:07 | Build | Farm |
| 16:07 | Build | Farm |
| 16:30 | Build | Farm |
| 16:33 | Build | House |
| 16:36 | Build | House |
| 16:37 | Build | House |
| 16:45 | Create | Villager (Male) |
| 16:48 | Create | Villager (Male) |
| 17:02 | Build | Palisade Wall |
| 17:13 | Build | Farm |
| 17:17 | Create | Villager (Male) |
| 17:23 | Build | House |
| 17:23 | Build | House |
| 17:32 | Create | Villager (Male) |
| 17:37 | Build | House |
| 17:37 | Build | House |
| 17:43 | Build | House |
| 17:44 | Create | Villager (Male) |
| 18:15 | Build | Blacksmith |
| 18:56 | Research | Castle Age |
| 19:03 | Build | House |
| 19:04 | Build | House |
| 19:20 | Build | House |
| 19:21 | Build | House |
| 19:37 | Create | Villager (Male) |
| 19:41 | Build | Stable |
| 21:22 | Age | Castle Age |
| 21:25 | Research | Husbandry |
| 21:25 | Research | Light Cavalry (upgrade) |
| 21:25 | Research | Light Cavalry (upgrade) |
| 21:29 | Research | Chain Barding Armor |
| 21:29 | Research | Chain Barding Armor |
| 21:33 | Create | Villager (Male) |
| 21:37 | Build | Town Center |
| 21:53 | Build | Town Center |
| 21:58 | Research | Heavy Plow |
| 22:00 | Research | Bow Saw |
| 22:02 | Create | Villager (Male) |
| 22:04 | Create | Knight |
Build order — HR Benjamin Eufracio
First 150 of 298 actions detected
| 0:19 | Research | Loom |
| 1:12 | Create | Villager (Male) |
| 1:38 | Create | Villager (Male) |
| 1:47 | Build | House |
| 2:12 | Create | Villager (Male) |
| 2:30 | Create | Villager (Male) |
| 2:41 | Build | Lumber Camp |
| 2:46 | Create | Villager (Male) |
| 3:04 | Create | Villager (Male) |
| 3:04 | Create | Villager (Male) |
| 3:05 | Build | House |
| 3:24 | Create | Villager (Male) |
| 3:24 | Create | Villager (Male) |
| 3:49 | Create | Villager (Male) |
| 3:57 | Create | Villager (Male) |
| 4:21 | Create | Villager (Male) |
| 5:10 | Build | House |
| 5:21 | Create | Villager (Male) |
| 5:21 | Create | Villager (Male) |
| 5:39 | Build | Mining Camp |
| 6:04 | Create | Villager (Male) |
| 6:51 | Create | Villager (Male) |
| 7:42 | Research | Feudal Age |
| 8:26 | Build | Barracks |
| 8:56 | Build | House |
| 9:25 | Create | Villager (Male) |
| 9:25 | Create | Villager (Male) |
| 9:37 | Build | House |
| 9:52 | Age | Feudal Age |
| 9:54 | Build | Archery Range |
| 9:55 | Build | Archery Range |
| 10:05 | Research | Double-Bit Axe |
| 10:11 | Build | Palisade Wall |
| 10:12 | Build | Palisade Wall |
| 10:13 | Build | Palisade Wall |
| 10:19 | Build | House |
| 10:21 | Build | Palisade Wall |
| 10:24 | Create | Villager (Male) |
| 10:36 | Build | House |
| 10:38 | Build | Palisade Wall |
| 10:50 | Create | Villager (Male) |
| 10:55 | Build | House |
| 10:56 | Create | Archer ×2 |
| 11:08 | Create | Villager (Male) |
| 11:28 | Build | Mill |
| 11:30 | Create | Villager (Male) |
| 11:30 | Create | Villager (Male) |
| 11:36 | Create | Archer ×2 |
| 11:40 | Build | Palisade Wall |
| 11:44 | Build | Palisade Wall |
| 11:46 | Build | Palisade Wall |
| 11:47 | Build | Palisade Wall |
| 12:04 | Create | Archer |
| 12:18 | Create | Villager (Male) |
| 12:19 | Create | Villager (Male) |
| 12:22 | Create | Archer |
| 12:23 | Create | Archer |
| 12:35 | Build | Palisade Gate |
| 12:38 | Create | Villager (Male) |
| 12:39 | Create | Villager (Male) |
| 13:17 | Build | Blacksmith |
| 13:24 | Build | Farm |
| 13:31 | Create | Villager (Male) |
| 13:33 | Create | Villager (Male) |
| 14:00 | Research | Fletching |
| 14:01 | Research | Fletching |
| 14:11 | Build | Palisade Gate |
| 14:13 | Build | Farm |
| 14:13 | Build | Farm |
| 14:14 | Build | Farm |
| 14:14 | Build | Farm |
| 14:14 | Build | Farm |
| 14:14 | Build | Farm |
| 14:15 | Build | Farm |
| 14:19 | Create | Archer |
| 14:19 | Create | Archer |
| 14:20 | Create | Archer |
| 14:22 | Create | Villager (Male) |
| 14:27 | Build | House |
| 14:28 | Build | Palisade Wall |
| 14:40 | Create | Archer |
| 14:53 | Build | Palisade Wall |
| 14:59 | Create | Villager (Male) |
| 15:02 | Build | House |
| 15:03 | Build | Palisade Wall |
| 15:16 | Create | Archer |
| 15:16 | Create | Archer |
| 15:23 | Create | Villager (Male) |
| 15:25 | Build | Farm |
| 15:44 | Build | Farm |
| 15:48 | Create | Archer |
| 15:49 | Create | Archer |
| 15:53 | Create | Villager (Male) |
| 16:00 | Create | Villager (Male) |
| 16:00 | Create | Villager (Male) |
| 16:04 | Build | Farm |
| 16:09 | Create | Archer |
| 16:21 | Build | Farm |
| 16:26 | Create | Villager (Male) |
| 16:28 | Build | Farm |
| 16:39 | Create | Villager (Male) |
| 16:46 | Build | Farm |
| 16:54 | Build | Farm |
| 17:10 | Create | Villager (Male) |
| 17:16 | Create | Villager (Male) |
| 17:18 | Build | Farm |
| 17:26 | Create | Villager (Male) |
| 17:52 | Create | Villager (Male) |
| 17:53 | Create | Villager (Male) |
| 17:54 | Create | Archer |
| 17:54 | Create | Archer |
| 18:02 | Create | Villager (Male) |
| 18:04 | Build | Farm |
| 18:06 | Build | Farm |
| 18:42 | Create | Villager (Male) |
| 18:43 | Create | Archer |
| 18:44 | Create | Archer |
| 18:44 | Create | Archer |
| 18:45 | Create | Archer |
| 19:01 | Build | Farm |
| 19:04 | Build | House |
| 19:05 | Build | House |
| 19:32 | Build | Farm |
| 19:38 | Build | Lumber Camp |
| 19:49 | Create | Archer |
| 19:49 | Create | Archer |
| 20:24 | Research | Castle Age |
| 20:27 | Build | Archery Range |
| 20:46 | Create | Archer |
| 20:46 | Create | Archer |
| 20:53 | Create | Archer |
| 20:53 | Create | Archer |
| 21:23 | Create | Archer |
| 21:23 | Create | Archer |
| 21:24 | Create | Archer |
| 21:29 | Research | Wheelbarrow |
| 21:32 | Create | Archer |
| 22:09 | Research | Horse Collar |
| 22:12 | Create | Archer |
| 22:12 | Create | Archer |
| 22:12 | Create | Archer |
| 22:40 | Create | Villager (Male) |
| 22:45 | Build | House |
| 22:46 | Build | House |
| 22:56 | Create | Villager (Male) |
| 23:04 | Age | Castle Age |
| 23:05 | Build | University |
| 23:06 | Research | Bodkin Arrow |
| 23:12 | Research | Crossbowman (upgrade) |
| 23:22 | Create | Villager (Male) |
Build order — k0nK1_TG
First 150 of 300 actions detected
| 0:01 | Create | Villager (Male) |
| 0:02 | Create | Villager (Male) |
| 0:03 | Build | Outpost |
| 0:06 | Build | House |
| 0:07 | Build | House |
| 0:21 | Create | Villager (Male) |
| 0:21 | Create | Villager (Male) |
| 0:22 | Create | Villager (Male) |
| 1:27 | Create | Villager (Male) |
| 1:49 | Build | Lumber Camp |
| 2:04 | Create | Villager (Male) |
| 2:05 | Create | Villager (Male) |
| 2:22 | Create | Villager (Male) |
| 2:56 | Create | Villager (Male) |
| 3:04 | Build | House |
| 3:22 | Create | Villager (Male) |
| 3:55 | Create | Villager (Male) |
| 4:08 | Build | Mill |
| 4:18 | Create | Villager (Male) |
| 4:22 | Build | House |
| 4:41 | Create | Villager (Male) |
| 5:08 | Research | Loom |
| 5:29 | Create | Villager (Male) |
| 5:50 | Create | Villager (Male) |
| 5:58 | Build | Mill |
| 6:16 | Create | Villager (Male) |
| 6:45 | Create | Villager (Male) |
| 7:02 | Create | Villager (Male) |
| 7:30 | Create | Villager (Male) |
| 8:02 | Create | Villager (Male) |
| 8:29 | Research | Feudal Age |
| 8:42 | Build | Mining Camp |
| 9:37 | Research | Double-Bit Axe |
| 10:20 | Build | Barracks |
| 10:40 | Age | Feudal Age |
| 10:42 | Create | Villager (Male) |
| 10:58 | Create | Flemish Militia |
| 10:58 | Create | Flemish Militia |
| 11:01 | Build | House |
| 11:08 | Create | Villager (Male) |
| 11:09 | Create | Villager (Male) |
| 11:34 | Create | Villager (Male) |
| 11:41 | Build | Archery Range |
| 11:43 | Build | House |
| 11:46 | Create | Villager (Male) |
| 12:12 | Build | Farm |
| 12:45 | Create | Villager (Male) |
| 12:51 | Build | Archery Range |
| 12:53 | Build | House |
| 12:56 | Create | Archer |
| 12:56 | Create | Archer |
| 13:01 | Create | Villager (Male) |
| 13:29 | Create | Villager (Male) |
| 13:46 | Create | Villager (Male) |
| 13:52 | Create | Archer |
| 13:58 | Create | Archer |
| 13:58 | Create | Archer |
| 14:00 | Build | House |
| 14:00 | Create | Villager (Male) |
| 14:18 | Build | Blacksmith |
| 14:21 | Build | Farm |
| 14:22 | Build | Farm |
| 14:25 | Build | Farm |
| 14:27 | Build | Farm |
| 14:28 | Create | Villager (Male) |
| 14:31 | Build | Farm |
| 14:32 | Create | Villager (Male) |
| 14:36 | Create | Archer |
| 14:36 | Create | Archer |
| 14:43 | Build | Palisade Wall |
| 14:45 | Build | Palisade Wall |
| 14:47 | Create | Archer |
| 14:47 | Create | Archer |
| 14:48 | Create | Villager (Male) |
| 14:57 | Build | Palisade Gate |
| 15:00 | Create | Villager (Male) |
| 15:16 | Create | Villager (Male) |
| 15:27 | Build | Farm |
| 15:27 | Build | Farm |
| 15:28 | Build | Farm |
| 15:28 | Create | Villager (Male) |
| 15:34 | Create | Archer |
| 15:50 | Research | Fletching |
| 15:52 | Create | Skirmisher |
| 15:53 | Create | Villager (Male) |
| 15:59 | Build | House |
| 16:01 | Build | Palisade Wall |
| 16:08 | Build | Farm |
| 16:09 | Build | Farm |
| 16:13 | Create | Villager (Male) |
| 16:18 | Create | Archer |
| 16:21 | Create | Villager (Male) |
| 16:25 | Build | House |
| 16:32 | Research | Town Watch |
| 16:51 | Create | Villager (Male) |
| 16:58 | Build | Farm |
| 16:58 | Build | Farm |
| 16:58 | Build | Farm |
| 16:59 | Build | Farm |
| 17:17 | Create | Archer |
| 17:18 | Create | Archer |
| 17:23 | Create | Archer |
| 17:38 | Build | Palisade Wall |
| 17:43 | Create | Archer |
| 17:43 | Create | Archer |
| 17:46 | Build | Farm |
| 17:46 | Create | Villager (Male) |
| 17:51 | Build | Palisade Wall |
| 17:53 | Build | Palisade Wall |
| 18:01 | Create | Villager (Male) |
| 18:23 | Create | Archer |
| 18:23 | Create | Archer |
| 18:24 | Create | Villager (Male) |
| 18:32 | Build | Palisade Wall |
| 18:35 | Create | Archer |
| 18:36 | Create | Villager (Male) |
| 18:51 | Create | Archer |
| 19:08 | Create | Villager (Male) |
| 19:15 | Build | House |
| 19:16 | Build | Palisade Wall |
| 19:21 | Create | Villager (Male) |
| 19:24 | Build | Watch Tower |
| 19:33 | Create | Villager (Male) |
| 19:35 | Create | Villager (Male) |
| 19:36 | Create | Archer |
| 19:36 | Create | Archer |
| 19:41 | Build | Farm |
| 19:43 | Build | Farm |
| 19:44 | Create | Villager (Male) |
| 19:46 | Create | Villager (Male) |
| 19:54 | Research | Gold Mining |
| 19:59 | Create | Villager (Male) |
| 20:03 | Create | Villager (Male) |
| 20:07 | Build | House |
| 20:12 | Create | Flemish Militia |
| 20:12 | Create | Flemish Militia |
| 20:13 | Create | Villager (Male) |
| 20:16 | Create | Villager (Male) |
| 20:19 | Create | Villager (Male) |
| 20:26 | Build | House |
| 20:28 | Create | Villager (Male) |
| 20:29 | Create | Archer |
| 20:31 | Build | Farm |
| 20:31 | Create | Villager (Male) |
| 20:46 | Create | Archer |
| 20:47 | Create | Archer |
| 20:49 | Build | Farm |
| 20:56 | Build | Farm |
| 20:56 | Create | Villager (Male) |
| 21:09 | Build | Lumber Camp |
Build order — kerwin
First 150 of 232 actions detected
| 0:02 | Research | Loom |
| 0:03 | Build | House |
| 0:04 | Build | House |
| 0:20 | Create | Villager (Male) |
| 0:20 | Create | Villager (Male) |
| 0:21 | Create | Villager (Male) |
| 0:21 | Create | Villager (Male) |
| 1:41 | Create | Villager (Male) |
| 1:41 | Create | Villager (Male) |
| 1:59 | Create | Villager (Male) |
| 2:00 | Create | Villager (Male) |
| 2:33 | Build | Mill |
| 2:48 | Create | Villager (Male) |
| 2:48 | Create | Villager (Male) |
| 2:57 | Build | House |
| 3:20 | Create | Villager (Male) |
| 3:21 | Create | Villager (Male) |
| 3:51 | Create | Villager (Male) |
| 3:51 | Create | Villager (Male) |
| 4:01 | Build | House |
| 4:04 | Create | Villager (Male) |
| 4:04 | Create | Villager (Male) |
| 4:04 | Create | Villager (Male) |
| 4:23 | Create | Villager (Male) |
| 4:23 | Create | Villager (Male) |
| 5:05 | Create | Villager (Male) |
| 5:16 | Create | Villager (Male) |
| 5:16 | Create | Villager (Male) |
| 5:36 | Create | Villager (Male) |
| 5:37 | Create | Villager (Male) |
| 5:59 | Build | House |
| 6:01 | Create | Villager (Male) |
| 6:13 | Create | Villager (Male) |
| 6:23 | Build | Lumber Camp |
| 6:42 | Create | Villager (Male) |
| 7:53 | Research | Feudal Age |
| 7:53 | Research | Feudal Age |
| 8:17 | Build | Mining Camp |
| 9:22 | Build | Barracks |
| 9:25 | Build | Palisade Wall |
| 9:56 | Build | House |
| 10:06 | Create | Villager (Male) |
| 10:06 | Create | Villager (Male) |
| 10:11 | Age | Feudal Age |
| 10:21 | Build | Archery Range |
| 10:32 | Research | Double-Bit Axe |
| 10:33 | Research | Double-Bit Axe |
| 10:35 | Create | Villager (Male) |
| 10:43 | Build | House |
| 10:50 | Build | Mill |
| 11:02 | Build | House |
| 11:08 | Build | House |
| 11:10 | Create | Archer |
| 11:13 | Build | House |
| 11:16 | Build | Palisade Wall |
| 11:24 | Create | Villager (Male) |
| 11:32 | Create | Villager (Male) |
| 11:37 | Build | Palisade Wall |
| 11:48 | Build | Archery Range |
| 11:49 | Create | Archer |
| 11:51 | Create | Villager (Male) |
| 12:09 | Create | Archer |
| 12:27 | Build | Palisade Wall |
| 12:33 | Create | Archer |
| 12:33 | Create | Archer |
| 12:39 | Build | Palisade Wall |
| 12:50 | Create | Spearman |
| 12:56 | Create | Villager (Male) |
| 12:57 | Create | Villager (Male) |
| 13:11 | Create | Archer |
| 13:14 | Build | Blacksmith |
| 13:44 | Create | Archer |
| 13:45 | Create | Archer |
| 14:14 | Research | Fletching |
| 14:15 | Research | Fletching |
| 14:29 | Create | Villager (Male) |
| 14:30 | Create | Villager (Male) |
| 14:33 | Create | Archer |
| 14:33 | Create | Archer |
| 14:55 | Build | Farm |
| 14:56 | Build | Farm |
| 14:57 | Build | Farm |
| 14:57 | Build | Farm |
| 14:59 | Build | Farm |
| 15:00 | Build | Farm |
| 15:01 | Build | Farm |
| 15:08 | Create | Archer |
| 15:08 | Create | Archer |
| 15:09 | Create | Villager (Male) |
| 15:10 | Create | Villager (Male) |
| 15:11 | Create | Villager (Male) |
| 15:20 | Build | Farm |
| 15:34 | Research | Horse Collar |
| 15:34 | Research | Horse Collar |
| 16:12 | Build | House |
| 16:13 | Build | House |
| 16:21 | Build | Palisade Wall |
| 16:26 | Build | Farm |
| 16:30 | Create | Villager (Male) |
| 16:38 | Build | Farm |
| 16:53 | Build | Palisade Gate |
| 16:54 | Build | Palisade Wall |
| 17:09 | Create | Archer ×5 |
| 17:10 | Create | Villager (Male) |
| 17:10 | Create | Villager (Male) |
| 17:30 | Create | Villager (Male) |
| 17:45 | Build | Palisade Wall |
| 17:48 | Build | Market |
| 17:49 | Build | Market |
| 17:55 | Create | Villager (Male) |
| 18:05 | Create | Archer |
| 18:11 | Research | Wheelbarrow |
| 18:12 | Research | Wheelbarrow |
| 18:52 | Build | House |
| 19:16 | Research | Castle Age |
| 19:16 | Research | Castle Age |
| 19:17 | Create | Archer |
| 19:17 | Create | Archer |
| 19:43 | Create | Archer |
| 19:43 | Create | Archer |
| 19:51 | Research | Gold Mining |
| 19:51 | Research | Gold Mining |
| 19:53 | Build | House |
| 19:55 | Build | House |
| 19:56 | Build | House |
| 19:57 | Build | House |
| 19:58 | Build | House |
| 20:06 | Create | Archer |
| 20:06 | Create | Archer |
| 20:12 | Build | Farm |
| 20:13 | Build | Farm |
| 20:14 | Build | Farm |
| 20:28 | Create | Archer |
| 20:29 | Create | Archer |
| 21:12 | Create | Archer |
| 21:34 | Create | Archer |
| 21:34 | Create | Archer |
| 22:20 | Age | Castle Age |
| 22:21 | Research | Crossbowman (upgrade) |
| 22:21 | Research | Crossbowman (upgrade) |
| 22:22 | Research | Bodkin Arrow |
| 22:22 | Research | Bodkin Arrow |
| 22:23 | Research | Padded Archer Armor |
| 22:23 | Research | Padded Archer Armor |
| 22:30 | Research | Bow Saw |
| 22:37 | Build | University |
| 22:43 | Create | Villager (Male) |
| 22:48 | Create | Archer ×5 |
| 23:03 | Create | Villager (Male) |
| 23:03 | Create | Villager (Male) |
Build order — pau795
First 150 of 357 actions detected
| 0:03 | Create | Villager (Male) |
| 0:03 | Create | Villager (Male) |
| 0:03 | Create | Villager (Male) |
| 0:03 | Create | Villager (Male) |
| 0:04 | Build | House |
| 0:09 | Build | House |
| 1:07 | Create | Villager (Male) |
| 1:36 | Build | Lumber Camp |
| 1:42 | Create | Villager (Male) |
| 1:42 | Create | Villager (Male) |
| 2:05 | Create | Villager (Male) |
| 2:51 | Create | Villager (Male) |
| 2:51 | Create | Villager (Male) |
| 2:52 | Create | Villager (Male) |
| 3:26 | Create | Villager (Male) |
| 3:26 | Create | Villager (Male) |
| 3:38 | Create | Villager (Male) |
| 3:50 | Build | House |
| 3:52 | Create | Villager (Male) |
| 4:11 | Build | House |
| 4:32 | Create | Villager (Male) |
| 4:42 | Create | Villager (Male) |
| 4:42 | Create | Villager (Male) |
| 4:42 | Create | Villager (Male) |
| 4:49 | Create | Villager (Male) |
| 5:23 | Create | Villager (Male) |
| 5:39 | Create | Villager (Male) |
| 5:47 | Create | Villager (Male) |
| 5:48 | Create | Villager (Male) |
| 5:50 | Build | Mill |
| 6:17 | Research | Loom |
| 7:00 | Research | Feudal Age |
| 7:01 | Research | Feudal Age |
| 7:36 | Build | Mining Camp |
| 7:57 | Build | Barracks |
| 8:11 | Create | Villager (Male) |
| 9:11 | Age | Feudal Age |
| 9:13 | Build | Archery Range |
| 9:21 | Build | Archery Range |
| 9:31 | Create | Villager (Male) |
| 9:36 | Research | Double-Bit Axe |
| 9:36 | Research | Double-Bit Axe |
| 9:39 | Create | Eagle Scout |
| 9:47 | Create | Villager (Male) |
| 10:06 | Build | House |
| 10:11 | Create | Archer |
| 10:13 | Create | Villager (Male) |
| 10:22 | Create | Villager (Male) |
| 10:25 | Create | Villager (Male) |
| 10:42 | Create | Villager (Male) |
| 10:49 | Build | Blacksmith |
| 10:51 | Build | Palisade Wall |
| 10:52 | Create | Villager (Male) |
| 11:06 | Create | Archer |
| 11:06 | Create | Archer |
| 11:07 | Create | Archer |
| 11:17 | Create | Villager (Male) |
| 11:20 | Build | House |
| 11:33 | Build | Palisade Wall |
| 11:37 | Research | Fletching |
| 11:37 | Research | Fletching |
| 11:38 | Create | Archer |
| 11:38 | Create | Archer |
| 11:38 | Create | Archer |
| 11:46 | Build | House |
| 12:00 | Create | Archer |
| 12:00 | Create | Archer |
| 12:02 | Create | Villager (Male) |
| 12:08 | Create | Villager (Male) |
| 12:11 | Build | Palisade Wall |
| 12:15 | Build | Mill |
| 12:23 | Create | Archer |
| 12:27 | Create | Villager (Male) |
| 12:36 | Create | Archer |
| 12:47 | Create | Villager (Male) |
| 12:49 | Build | Farm |
| 13:00 | Create | Villager (Male) |
| 13:07 | Create | Archer |
| 13:07 | Create | Archer |
| 13:08 | Create | Archer |
| 13:27 | Create | Archer |
| 13:28 | Create | Archer |
| 13:53 | Create | Archer |
| 13:53 | Create | Archer |
| 13:58 | Create | Archer |
| 13:58 | Create | Archer |
| 14:01 | Build | Farm |
| 14:02 | Create | Villager (Male) |
| 14:05 | Build | Watch Tower |
| 14:06 | Create | Villager (Male) |
| 14:11 | Build | Palisade Wall |
| 14:13 | Create | Villager (Male) |
| 14:17 | Build | Palisade Wall |
| 14:25 | Create | Archer |
| 14:25 | Create | Archer |
| 14:28 | Create | Villager (Male) |
| 14:33 | Build | Farm |
| 14:33 | Create | Villager (Male) |
| 14:37 | Build | House |
| 14:47 | Build | Farm |
| 14:48 | Build | Farm |
| 14:50 | Build | Farm |
| 14:55 | Build | House |
| 14:55 | Create | Villager (Male) |
| 15:04 | Build | Palisade Wall |
| 15:15 | Build | Farm |
| 15:17 | Create | Archer |
| 15:20 | Create | Archer |
| 15:20 | Create | Archer |
| 15:43 | Build | Lumber Camp |
| 15:54 | Create | Villager (Male) |
| 15:57 | Build | Palisade Wall |
| 16:05 | Create | Archer |
| 16:28 | Create | Villager (Male) |
| 16:37 | Build | Farm |
| 16:38 | Build | Farm |
| 16:39 | Create | Archer |
| 16:39 | Create | Archer |
| 16:39 | Create | Archer |
| 16:46 | Create | Archer |
| 16:46 | Create | Archer |
| 16:54 | Build | Farm |
| 17:01 | Build | House |
| 17:10 | Build | Farm |
| 17:12 | Build | House |
| 17:18 | Create | Archer |
| 17:18 | Create | Archer |
| 17:18 | Create | Archer |
| 17:30 | Build | Farm |
| 17:40 | Create | Archer |
| 17:40 | Create | Archer |
| 17:50 | Build | Farm |
| 17:57 | Create | Archer |
| 17:57 | Create | Archer |
| 18:07 | Create | Villager (Male) |
| 18:13 | Create | Archer |
| 18:14 | Create | Archer |
| 18:42 | Create | Archer |
| 18:45 | Create | Archer |
| 18:46 | Create | Archer |
| 18:48 | Create | Villager (Male) |
| 18:49 | Create | Villager (Male) |
| 19:04 | Build | House |
| 19:17 | Build | House |
| 19:43 | Research | Castle Age |
| 19:44 | Research | Castle Age |
| 20:17 | Research | Horse Collar |
| 20:17 | Research | Horse Collar |
| 20:21 | Research | Padded Archer Armor |
| 20:21 | Create | Archer |
Build order — TmZ_Mosquito Sedutor
First 150 of 167 actions detected
| 0:01 | Create | Villager (Male) ×5 |
| 0:03 | Build | House |
| 0:04 | Build | House |
| 0:18 | Create | Villager (Male) |
| 1:30 | Create | Villager (Male) |
| 1:55 | Build | Mill |
| 2:05 | Create | Villager (Male) |
| 2:34 | Create | Villager (Male) |
| 2:58 | Create | Villager (Male) |
| 3:07 | Create | Villager (Male) |
| 3:30 | Build | House |
| 3:31 | Build | House |
| 4:03 | Create | Villager (Male) |
| 4:48 | Create | Villager (Male) ×4 |
| 4:50 | Create | Villager (Male) ×2 |
| 5:04 | Create | Villager (Male) |
| 5:51 | Create | Villager (Male) |
| 6:01 | Build | Lumber Camp |
| 6:49 | Create | Villager (Male) |
| 7:08 | Build | Mill |
| 7:50 | Research | Feudal Age |
| 9:00 | Build | Barracks |
| 9:02 | Build | House |
| 9:56 | Create | Villager (Male) ×5 |
| 10:06 | Age | Feudal Age |
| 10:18 | Build | Stable |
| 10:28 | Research | Double-Bit Axe |
| 11:07 | Research | Horse Collar |
| 11:20 | Create | Scout Cavalry ×5 |
| 11:29 | Build | Blacksmith |
| 11:33 | Research | Loom |
| 11:48 | Build | Lumber Camp |
| 11:51 | Create | Villager (Male) ×2 |
| 12:14 | Build | Farm |
| 12:15 | Build | Farm |
| 12:22 | Build | Farm |
| 12:41 | Build | House |
| 12:44 | Build | House |
| 12:51 | Research | Wheelbarrow |
| 12:57 | Build | Farm |
| 13:33 | Create | Villager (Male) ×4 |
| 13:49 | Build | Farm |
| 13:49 | Build | Farm |
| 13:49 | Build | Farm |
| 13:49 | Build | Farm |
| 13:50 | Build | Farm |
| 13:50 | Build | Farm |
| 13:59 | Build | Mining Camp |
| 14:25 | Create | Villager (Male) ×3 |
| 14:59 | Create | Scout Cavalry ×2 |
| 15:00 | Create | Villager (Male) |
| 15:35 | Research | Scale Barding Armor |
| 15:55 | Build | Farm |
| 15:55 | Build | Farm |
| 15:56 | Build | Farm |
| 15:56 | Build | Farm |
| 15:56 | Build | Farm |
| 15:56 | Build | Farm |
| 15:57 | Build | Farm |
| 15:57 | Build | Farm |
| 15:57 | Build | Farm |
| 16:16 | Research | Bloodlines |
| 16:35 | Create | Villager (Male) ×2 |
| 17:24 | Create | Scout Cavalry ×3 |
| 17:25 | Create | Villager (Male) ×5 |
| 17:34 | Create | Villager (Male) |
| 17:41 | Build | Market |
| 17:45 | Build | Stable |
| 17:47 | Build | House |
| 17:49 | Build | House |
| 17:50 | Build | House |
| 17:51 | Build | House |
| 18:03 | Research | Town Watch |
| 18:20 | Build | Farm |
| 18:21 | Build | Farm |
| 18:21 | Build | Farm |
| 18:30 | Create | Villager (Male) ×5 |
| 18:39 | Build | House |
| 18:40 | Build | House |
| 18:56 | Research | Forging |
| 18:57 | Create | Villager (Male) ×3 |
| 20:15 | Research | Castle Age |
| 21:21 | Create | Villager (Male) ×5 |
| 21:40 | Build | Gate |
| 21:41 | Build | House |
| 22:36 | Research | Gold Mining |
| 22:55 | Age | Castle Age |
| 22:59 | Build | Stable |
| 23:00 | Create | Knight ×5 |
| 23:09 | Build | Monastery |
| 23:22 | Research | Chain Barding Armor |
| 23:45 | Research | Husbandry |
| 23:58 | Create | Knight |
| 24:05 | Create | Monk |
| 24:22 | Create | Villager (Male) ×5 |
| 24:24 | Create | Knight ×3 |
| 24:43 | Research | Bow Saw |
| 24:51 | Create | Monk |
| 25:24 | Research | Iron Casting |
| 25:55 | Create | Monk |
| 25:58 | Create | Villager (Male) ×5 |
| 26:44 | Create | Villager (Male) ×5 |
| 26:52 | Create | Knight |
| 26:52 | Create | Villager (Male) ×4 |
| 27:19 | Create | Knight ×4 |
| 27:35 | Build | Town Center |
| 27:37 | Create | Villager (Male) ×5 |
| 28:09 | Create | Knight |
| 28:13 | Create | Knight ×2 |
| 28:39 | Create | Knight |
| 28:46 | Build | House |
| 28:50 | Build | House |
| 28:53 | Build | House |
| 28:54 | Build | House |
| 28:55 | Build | House |
| 28:57 | Create | Villager (Male) ×5 |
| 29:07 | Create | Knight |
| 29:13 | Create | Knight ×2 |
| 29:36 | Create | Knight ×2 |
| 29:44 | Build | Mining Camp |
| 30:06 | Create | Knight ×3 |
| 30:22 | Create | Knight |
| 30:22 | Create | Knight |
| 30:22 | Create | Knight |
| 30:27 | Create | Knight ×2 |
| 30:41 | Create | Knight |
| 30:45 | Create | Knight ×3 |
| 30:53 | Build | Farm |
| 30:54 | Build | Farm |
| 30:54 | Build | Farm |
| 30:54 | Build | Farm |
| 30:54 | Build | Farm |
| 30:55 | Build | Farm |
| 30:55 | Build | Farm |
| 30:55 | Build | Farm |
| 30:55 | Build | Farm |
| 30:56 | Create | Villager (Male) ×5 |
| 31:04 | Create | Knight |
| 31:09 | Build | House |
| 31:10 | Build | House |
| 31:21 | Create | Knight |
| 31:29 | Create | Knight |
| 31:36 | Create | Villager (Male) |
| 31:53 | Create | Knight ×2 |
| 32:09 | Create | Knight ×2 |
| 32:10 | Create | Knight ×2 |
| 32:10 | Create | Knight ×2 |
| 32:15 | Build | House |
| 32:16 | Build | House |
| 32:17 | Build | House |
Build order — Dyn_Fran_aoe
First 150 of 196 actions detected
| 0:01 | Create | Villager (Male) |
| 0:02 | Create | Villager (Male) |
| 0:02 | Create | Villager (Male) |
| 0:02 | Create | Villager (Male) |
| 0:03 | Create | Villager (Male) |
| 0:06 | Build | House |
| 0:10 | Build | House |
| 0:20 | Create | Villager (Male) |
| 0:20 | Create | Villager (Male) |
| 2:14 | Build | Lumber Camp |
| 2:18 | Create | Villager (Male) |
| 2:18 | Create | Villager (Male) |
| 2:18 | Create | Villager (Male) |
| 3:17 | Create | Villager (Male) |
| 3:17 | Create | Villager (Male) |
| 3:17 | Create | Villager (Male) |
| 4:38 | Build | Mill |
| 4:40 | Create | Villager (Male) |
| 4:48 | Create | Villager (Male) |
| 4:49 | Create | Villager (Male) |
| 4:49 | Create | Villager (Male) |
| 5:02 | Build | House |
| 5:40 | Build | House |
| 6:06 | Create | Villager (Male) |
| 6:06 | Create | Villager (Male) |
| 6:07 | Create | Villager (Male) |
| 6:07 | Create | Villager (Male) |
| 7:14 | Create | Villager (Male) |
| 7:38 | Build | Mining Camp |
| 7:48 | Build | House |
| 7:57 | Build | Palisade Wall |
| 8:06 | Create | Villager (Male) |
| 8:37 | Create | Villager (Male) |
| 9:17 | Build | House |
| 9:23 | Build | Barracks |
| 9:29 | Research | Feudal Age |
| 9:57 | Build | Palisade Wall |
| 10:24 | Build | Palisade Gate |
| 10:59 | Build | House |
| 11:07 | Build | House |
| 11:19 | Build | Palisade Wall |
| 11:30 | Create | Villager (Male) |
| 11:30 | Create | Villager (Male) |
| 11:30 | Create | Villager (Male) |
| 11:39 | Age | Feudal Age |
| 11:57 | Build | Lumber Camp |
| 12:01 | Research | Double-Bit Axe |
| 12:29 | Build | Palisade Wall |
| 12:51 | Build | Palisade Wall |
| 12:58 | Build | Farm |
| 13:04 | Build | Blacksmith |
| 13:26 | Build | Palisade Wall |
| 13:32 | Build | Palisade Wall |
| 13:40 | Build | Farm |
| 13:41 | Build | Farm |
| 13:43 | Build | Farm |
| 13:52 | Build | Farm |
| 13:59 | Build | Farm |
| 14:15 | Build | Palisade Wall |
| 14:44 | Build | Stable |
| 14:50 | Create | Villager (Male) |
| 14:56 | Research | Loom |
| 15:05 | Build | Farm |
| 15:12 | Build | Farm |
| 15:25 | Build | Farm |
| 15:47 | Build | Palisade Wall |
| 16:00 | Build | Farm |
| 16:11 | Build | Market |
| 16:44 | Research | Horse Collar |
| 16:47 | Create | Villager (Male) |
| 16:59 | Research | Castle Age |
| 17:26 | Build | House |
| 17:35 | Build | House |
| 17:53 | Build | House |
| 18:00 | Build | House |
| 18:56 | Build | House |
| 19:27 | Build | Watch Tower |
| 19:39 | Age | Castle Age |
| 19:51 | Create | Knight |
| 19:51 | Create | Knight |
| 19:52 | Create | Knight |
| 19:52 | Create | Knight |
| 19:56 | Research | Scale Barding Armor |
| 20:00 | Create | Villager (Male) |
| 20:00 | Create | Villager (Male) |
| 20:26 | Build | Stable |
| 20:34 | Build | Farm |
| 20:44 | Build | Palisade Wall |
| 20:55 | Build | Palisade Wall |
| 21:10 | Build | House |
| 21:14 | Create | Villager (Male) |
| 21:15 | Create | Villager (Male) |
| 21:15 | Create | Villager (Male) |
| 21:51 | Build | Farm |
| 22:40 | Create | Knight |
| 22:49 | Build | Town Center |
| 23:14 | Research | Husbandry |
| 24:27 | Create | Knight |
| 24:27 | Create | Knight |
| 24:27 | Create | Knight |
| 24:34 | Build | Mining Camp |
| 24:38 | Create | Villager (Male) |
| 24:38 | Create | Villager (Male) |
| 24:39 | Create | Villager (Male) |
| 25:51 | Build | Farm |
| 25:53 | Create | Villager (Male) |
| 25:53 | Create | Villager (Male) |
| 25:53 | Create | Villager (Male) |
| 25:54 | Create | Villager (Male) |
| 25:54 | Create | Villager (Male) |
| 26:03 | Build | Farm |
| 26:14 | Create | Villager (Male) |
| 26:14 | Create | Villager (Male) |
| 26:15 | Create | Villager (Male) |
| 26:18 | Research | Bloodlines |
| 26:29 | Build | Farm |
| 26:36 | Build | Farm |
| 26:38 | Create | Villager (Male) |
| 26:55 | Build | Farm |
| 26:57 | Create | Villager (Male) |
| 27:04 | Build | Farm |
| 27:20 | Build | Farm |
| 27:26 | Build | Farm |
| 27:32 | Research | Bow Saw |
| 27:40 | Build | Farm |
| 27:41 | Create | Villager (Male) |
| 27:50 | Build | House |
| 27:52 | Build | House |
| 27:57 | Create | Knight |
| 27:57 | Create | Knight |
| 27:57 | Create | Knight |
| 28:20 | Create | Knight |
| 28:21 | Create | Knight |
| 28:26 | Create | Villager (Male) |
| 28:26 | Create | Villager (Male) |
| 28:26 | Create | Villager (Male) |
| 28:53 | Create | Villager (Male) |
| 28:53 | Create | Villager (Male) |
| 28:53 | Create | Villager (Male) |
| 28:53 | Create | Villager (Male) |
| 29:03 | Build | House |
| 29:08 | Build | House |
| 29:09 | Build | House |
| 29:12 | Build | House |
| 29:19 | Create | Villager (Male) |
| 29:20 | Create | Villager (Male) |
| 29:20 | Create | Villager (Male) |
| 29:25 | Build | Farm |
| 29:30 | Build | Farm |
| 29:49 | Build | Lumber Camp |
Match timeline
| 6:58 | 啥牌子的 · wall_segment Palisade Wall x6 |
| 7:06 | 啥牌子的 · wall_segment Palisade Wall x8 |
| 7:57 | pau795 · first_building Barracks |
| 7:57 | Dyn_Fran_aoe · wall_segment Palisade Wall x8 |
| 8:20 | AoE2 ANGEL · first_building Barracks |
| 8:26 | HR Benjamin Eufracio · first_building Barracks |
| 8:52 | AoE2 ANGEL · age_up feudal |
| 9:00 | TmZ_Mosquito Sedutor · first_building Barracks |
| 9:09 | AoE2 ANGEL · first_building Stable |
| 9:11 | pau795 · age_up feudal |
| 9:13 | pau795 · first_building Archery Range |
| 9:22 | kerwin · first_building Barracks |
| 9:23 | Dyn_Fran_aoe · first_building Barracks |
| 9:25 | kerwin · wall_segment Palisade Wall x1 |
| 9:52 | HR Benjamin Eufracio · age_up feudal |
| 9:53 | 啥牌子的 · first_building Barracks |
| 9:54 | HR Benjamin Eufracio · first_building Archery Range |
| 9:57 | Dyn_Fran_aoe · wall_segment Palisade Wall x13 |
| 10:06 | TmZ_Mosquito Sedutor · age_up feudal |
| 10:11 | kerwin · age_up feudal |
| 10:11 | HR Benjamin Eufracio · wall_segment Palisade Wall x1 |
| 10:12 | HR Benjamin Eufracio · wall_segment Palisade Wall x1 |
| 10:13 | HR Benjamin Eufracio · wall_segment Palisade Wall x3 |
| 10:18 | TmZ_Mosquito Sedutor · first_building Stable |
| 10:20 | k0nK1_TG · first_building Barracks |
| 10:21 | kerwin · first_building Archery Range |
| 10:21 | HR Benjamin Eufracio · wall_segment Palisade Wall x10 |
| 10:26 | 啥牌子的 · age_up feudal |
| 10:35 | 啥牌子的 · first_building Stable |
| 10:38 | HR Benjamin Eufracio · wall_segment Palisade Wall x5 |
| 10:40 | k0nK1_TG · age_up feudal |
| 10:51 | pau795 · wall_segment Palisade Wall x1 |
| 11:16 | kerwin · wall_segment Palisade Wall x1 |
| 11:19 | Dyn_Fran_aoe · wall_segment Palisade Wall x4 |
| 11:25 | AoE2 ANGEL · wall_segment Palisade Wall x5 |
| 11:33 | pau795 · wall_segment Palisade Wall x1 |
| 11:37 | kerwin · wall_segment Palisade Wall x2 |
| 11:39 | Dyn_Fran_aoe · age_up feudal |
| 11:40 | HR Benjamin Eufracio · wall_segment Palisade Wall x3 |
| 11:41 | k0nK1_TG · first_building Archery Range |
| 11:44 | HR Benjamin Eufracio · wall_segment Palisade Wall x1 |
| 11:46 | HR Benjamin Eufracio · wall_segment Palisade Wall x3 |
| 11:47 | HR Benjamin Eufracio · wall_segment Palisade Wall x1 |
| 12:11 | pau795 · wall_segment Palisade Wall x1 |
| 12:27 | kerwin · wall_segment Palisade Wall x8 |
| 12:29 | Dyn_Fran_aoe · wall_segment Palisade Wall x4 |
| 12:34 | 啥牌子的 · wall_segment Palisade Wall x1 |
| 12:39 | kerwin · wall_segment Palisade Wall x1 |
| 12:51 | AoE2 ANGEL · wall_segment Palisade Wall x5 |
| 12:51 | Dyn_Fran_aoe · wall_segment Palisade Wall x10 |
| 13:26 | Dyn_Fran_aoe · wall_segment Palisade Wall x2 |
| 13:32 | Dyn_Fran_aoe · wall_segment Palisade Wall x2 |
| 14:11 | pau795 · wall_segment Palisade Wall x5 |
| 14:15 | Dyn_Fran_aoe · wall_segment Palisade Wall x11 |
| 14:17 | pau795 · wall_segment Palisade Wall x7 |
| 14:28 | HR Benjamin Eufracio · wall_segment Palisade Wall x5 |
| 14:43 | k0nK1_TG · wall_segment Palisade Wall x1 |
| 14:44 | Dyn_Fran_aoe · first_building Stable |
| 14:45 | k0nK1_TG · wall_segment Palisade Wall x3 |
| 14:53 | HR Benjamin Eufracio · wall_segment Palisade Wall x1 |
| 15:03 | HR Benjamin Eufracio · wall_segment Palisade Wall x1 |
| 15:04 | pau795 · wall_segment Palisade Wall x9 |
| 15:47 | Dyn_Fran_aoe · wall_segment Palisade Wall x9 |
| 15:57 | pau795 · wall_segment Palisade Wall x9 |
| 16:01 | k0nK1_TG · wall_segment Palisade Wall x10 |
| 16:21 | kerwin · wall_segment Palisade Wall x7 |
| 16:54 | kerwin · wall_segment Palisade Wall x1 |
| 17:02 | 啥牌子的 · wall_segment Palisade Wall x14 |
| 17:38 | k0nK1_TG · wall_segment Palisade Wall x1 |
| 17:45 | kerwin · wall_segment Palisade Wall x1 |
| 17:51 | k0nK1_TG · wall_segment Palisade Wall x6 |
| 17:53 | k0nK1_TG · wall_segment Palisade Wall x3 |
| 18:32 | k0nK1_TG · wall_segment Palisade Wall x1 |
| 19:02 | kerwin · first_market_buy 100 food |
| 19:03 | kerwin · first_market_sell 100 wood |
| 19:08 | AoE2 ANGEL · wall_segment Palisade Wall x3 |
| 19:16 | k0nK1_TG · wall_segment Palisade Wall x1 |
| 19:39 | Dyn_Fran_aoe · age_up castle |
| 19:51 | TmZ_Mosquito Sedutor · first_market_sell 100 wood |
| 19:52 | TmZ_Mosquito Sedutor · first_market_buy 100 food |
| 20:44 | Dyn_Fran_aoe · wall_segment Palisade Wall x1 |
| 20:53 | AoE2 ANGEL · age_up castle |
| 20:55 | Dyn_Fran_aoe · wall_segment Palisade Wall x10 |
| 21:22 | 啥牌子的 · age_up castle |
| 22:12 | Dyn_Fran_aoe · first_market_sell 100 wood |
| 22:14 | Dyn_Fran_aoe · first_market_buy 100 stone |
| 22:20 | kerwin · age_up castle |
| 22:23 | pau795 · age_up castle |
| 22:55 | TmZ_Mosquito Sedutor · age_up castle |
| 23:04 | HR Benjamin Eufracio · age_up castle |
| 23:09 | TmZ_Mosquito Sedutor · first_building Monastery |
| 24:05 | HR Benjamin Eufracio · wall_segment Palisade Wall x1 |
| 24:37 | k0nK1_TG · wall_segment Stone Wall x8 |
| 24:42 | 啥牌子的 · first_market_sell 100 wood |
| 24:45 | 啥牌子的 · first_market_buy 100 stone |
| 24:50 | k0nK1_TG · age_up castle |
| 25:56 | HR Benjamin Eufracio · first_building Monastery |
| 28:45 | k0nK1_TG · wall_segment Stone Wall x16 |
| 30:04 | kerwin · first_building Monastery |
| 30:42 | AoE2 ANGEL · first_market_buy 100 food |
| 30:53 | HR Benjamin Eufracio · first_building Siege Workshop |
| 32:06 | k0nK1_TG · first_market_sell 100 food |
| 32:07 | k0nK1_TG · first_market_buy 100 wood |
| 32:25 | Dyn_Fran_aoe · first_building Monastery |
| 33:41 | TmZ_Mosquito Sedutor · wall_segment Stone Wall x16 |
| 33:44 | kerwin · age_up imperial |
| 34:14 | pau795 · resign |
[ AI ANALYSIS · 1 CREDIT ]
What really happened in this match?
Wolo.gg analyzes every decision: build order, eco, micro, common mistakes by bracket. Personalized analysis on WhatsApp or Discord in 30 seconds.
Civ guide
Mongols
Perfil
Jugador #17289262